 Dungeon Sprint DCSS version 0.20.1-1-g8b1a95d (webtiles) character file.

53946 equalderp2856 the Executioner (level 14, -19/151 HPs)
             Began as a Minotaur Fighter on Sept 4, 2017.
             Killed from afar by an ice dragon (30 damage)
             ... with a blast of cold
             ... in the Dungeon (Sprint IX: "|||||||||||||||||||||||||||||").
             The game lasted 00:17:20 (8381 turns).

equalderp2856 the Executioner (Minotaur Fighter)    Turns: 8381, Time: 00:17:20

Health: -19/151    AC: 22    Str: 21    XL:     14   Next: 32%
Magic:  16/16      EV: 14    Int: 10    God:
Gold:   1605       SH: 17    Dex: 13    Spells: 13/13 levels left

rFire    . . .     SeeInvis +   s - +3 war axe (chop)
rCold    . . .     Gourm    .   c - +0 shield
rNeg     . . .     Faith    .   S - +2 plate armour
rPois    .         Spirit   .   T - +0 mask of the Dragon {MR+ Slay+3 SInv}
rElec    .         Reflect  .   H - scarf {repulsion}
rCorr    .         Harm     .   (no gloves)
MR       ++...     NoTele   +   G - +0 pair of boots {Stlth+}
Stlth    ..........             (no amulet)
Regen    0.4/turn               p - +2 ring of evasion
MPRegen  0.2/turn               q - +3 ring of intelligence

@: repel missiles
A: retaliatory headbutt, horns 2
a: no special abilities


You were in the Dungeon.
You were near starving.

You visited 1 branch You collected 1915 gold pieces.
You spent 310 gold pieces at shops.

Inventory:

Hand Weapons
 a - a +0 war axe
 s - a +3 war axe of chopping (weapon)
 z - a +0 blowgun
 J - a +1 war axe
 U - a +2 executioner's axe of flaming
Missiles
 l - 5 curare-tipped needles
Armour
 b - a +0 scale mail
 c - a +0 shield (worn)
 r - a +0 pair of boots
 A - a cursed +0 cloak
 B - a +0 cloak
 E - a +2 hat
 F - a +0 plate armour
 G - a +0 pair of boots of stealth (worn)
 H - a scarf of repulsion (worn)
 O - a +3 chain mail
 P - a +3 chain mail
 S - a +2 plate armour (worn)
 T - the +0 mask of the Dragon (worn) {MR+ Slay+3 SInv}
   (You found it in the Dungeon)

   It affects your accuracy and damage with ranged weapons and melee attacks
   (+3).
   It affects your resistance to hostile enchantments.
   It lets you see invisible.
 V - +0 storm dragon scales
Jewellery
 p - a +2 ring of evasion (left hand)
 q - a +3 ring of intelligence (right hand)
 K - an uncursed ring of fire
 L - an uncursed ring of magical power
 M - an uncursed ring of protection from fire
 N - an uncursed ring of ice
Wands
 o - a wand of acid (0/15)
 y - a wand of flame (15/48)
Scrolls
 k - 2 scrolls of blinking
 m - 5 scrolls of remove curse
 n - 2 scrolls of amnesia
 u - 3 scrolls of enchant weapon
 v - 2 scrolls of fog
 w - 4 scrolls of enchant armour
 x - a scroll of recharging
 R - a scroll of fear
Potions
 d - a potion of might
 e - 3 potions of curing
 h - 2 potions of haste
 i - 4 potions of magic
 j - a potion of berserk rage
 I - a potion of lignification {unknown}
 Q - 3 potions of brilliance
Comestibles
 f - 10 bread rations
 C - 38 fruits
 D - 12 meat rations


   Skills:
 + Level 21.0 Fighting
 + Level 23.2 Axes
 + Level 19.2 Armour
 + Level 10.6 Dodging
 + Level 3.4 Stealth
 + Level 23.0 Shields
 + Level 1.6 Unarmed Combat
 + Level 4.4 Evocations


You had 13 spell levels left.
You didn't know any spells.

Dungeon Overview and Level Annotations

Branches:
Dungeon (1/1)

Altars:
Cheibriados
Dithmenos
Elyvilon
Fedhas
Gozag
Hepliaklqana
Kikubaaqudgha
Makhleb
Nemelex Xobeh
Okawaru
Qazlal
Ru
Sif Muna
Trog
Uskayaw
Vehumet
Xom
Yredelemnul
Zin
The Shining One
Beogh
Jiyva
Lugonu

Shops:
D %[*!


Innate Abilities, Weirdness & Mutations

You reflexively headbutt those who attack you in melee.
You have a pair of horns on your head.


Message History

The ice dragon tramples you.
You stumble backwards!
You slash the ice dragon!
The ice dragon is heavily wounded.
You barely miss the ice dragon.
The ice dragon is heavily wounded.
The ice dragon breathes frost at you. The blast of cold hits you!
* * * LOW HITPOINT WARNING * * *
You slice the ice dragon!!
The ice dragon is almost dead.
The ice dragon bites you.
* * * LOW HITPOINT WARNING * * *
The ice dragon claws you!
* * * LOW HITPOINT WARNING * * *
You block the ice dragon's attack.
You hit the ice dragon.
The ice dragon is almost dead.
The ice dragon breathes frost at you. The blast of cold hits you!
You die...

▓.▓.▓.▓(▓.▓.▓.▓.
▓+▓.▓.▓.▓.▓.▓)▓.▓.
▓.▓.▓'▓.▓.▓.▓)▓)▓.
▓.▓.▓.▓.▓!▓.▓.▓.▓.
▓.▓.▓.▓.▓.▓.▓.▓.▓.
▓.▓.▓.▓.▓.▓.▓.▓.▓.
▓.▓.▓.▓.▓.▓.▓.▓.▓'
▓D▓.▓.▓.▓.▓.▓.▓.▓.
▓@▓.▓)▓.▓.▓.▓.▓.▓.
▓(▓.▓)▓.▓[▓.▓.▓.▓.
▓.▓.▓)▓.▓.▓.▓)▓.▓.
▓.▓.▓)▓.▓[▓(▓)▓.▓.
▓.▓.▓'▓.▓[▓(▓.▓.▓.
▓.▓.♣.♣.▓[▓.▓.▓.▓)
▓.▓.♣)♣.▓.▓.▓)▓.▓.
▓.▓.♣(♣.▓)▓.▓)▓.▓.
▓.▓.♣.♣.▓)▓.▓.▓.▓'


You could see an ice dragon.

Vanquished Creatures
  Saint Roka (D)
  A tentacled monstrosity (D)
  Rupert (D)
  A tengu reaver (D)
  Gastronok (D)
  Kirke (D)
  A storm dragon (D)
  2 very ugly things (D)
  4 stone giants (D)
  2 ettins (D)
  A merfolk javelineer (D)
  Snorg (D)
  2 great orbs of eyes (D)
  2 fire dragons (D)
  3 rakshasas (D)
  A naga warrior (D)
  A merfolk avatar (D)
  A centaur warrior (D)
  An alligator (D)
  Erica (D)
  A satyr (D)
  5 orc high priests (D)
  Urug (D)
  A shock serpent (D)
  Sonja (D)
  A deep troll (shapeshifter) (D)
  A sea snake (D)
  A shambling mangrove (D)
  An orc knight (D)
  A wolf spider (D)
  A cyclops (D)
  3 ugly things (D)
  2 orb spiders (D)
  2 manticores (D)
  Joseph (D)
  A guardian serpent (D)
  A salamander (D)
  A naga mage (D)
  A water nymph (D)
  6 spiny frogs (D)
  2 black mambas (D)
  A komodo dragon (D)
  A yaktaur (D)
  A rime drake (D)
  A demonic crawler (D)
  A merfolk (D)
  A troll (D)
  A jumping spider (D)
  A polar bear (D)
  A wind drake (shapeshifter) (D)
  A slime creature (D)
  A hornet (D)
  4 blink frogs (D)
  3 tarantellas (D)
  A spriggan (D)
  A redback (D)
  A yak (shapeshifter) (D)
  A water elemental (D)
  A wraith (D)
  Eustachio (D)
  2 hogs (D)
  A vampire mosquito (D)
  2 wargs (D)
  3 nagas (D)
  3 porcupines (D)
  2 water moccasins (D)
  10 orc warriors (D)
  A necrophage (D)
  A boggart (D)
  An ogre (D)
  A centaur (D)
  4 crocodiles (D)
  4 bullfrogs (D)
  A scorpion (D)
  A crimson imp (D)
  4 orc wizards (D)
  17 orc priests (D)
  2 iguanas (D)
  A worker ant (D)
  2 shadow imps (D)
  2 adder zombies (D)
  A dart slug (D)
  A leopard gecko (D)
  8 orcs (D)
  A hobgoblin (D)
  3 frilled lizards (D)
  A rat (D)
168 creatures vanquished.

Vanquished Creatures (others)
  A hydra (D)
  A ghost crab (D)
  A spiny frog (D)
  4 humans (D)
  An insubstantial wisp (D)
  A swamp drake (D)
9 creatures vanquished.

Grand Total: 177 creatures vanquished

Notes
Turn   | Place    | Note
-------+----------+-------------------------------------------
     0 | D        | equalderp2856 the Minotaur Fighter began the quest for the Orb.
     0 | D        | Reached XP level 1. HP: 19/19 MP: 0/0
   113 | D        | Reached XP level 2. HP: 23/27 MP: 1/1
   122 | D        | Reached skill level 5 in Armour
   125 | D        | Reached skill level 5 in Shields
   135 | D        | Found a roughly hewn altar of Beogh.
   135 | D        | Found a snail-covered altar of Cheibriados.
   135 | D        | Found a shadowy altar of Dithmenos.
   135 | D        | Found a white marble altar of Elyvilon.
   135 | D        | Found a blossoming altar of Fedhas.
   135 | D        | Found an opulent altar of Gozag.
   136 | D        | Found a hazy altar of Hepliaklqana.
   137 | D        | Found a viscous altar of Jiyva.
   138 | D        | Found an ancient bone altar of Kikubaaqudgha.
   139 | D        | Found a corrupted altar of Lugonu.
   169 | D        | Found a burning altar of Makhleb.
   170 | D        | Found a sparkling altar of Nemelex Xobeh.
   171 | D        | Found an iron altar of Okawaru.
   172 | D        | Found a stormy altar of Qazlal.
   173 | D        | Found a sacrificial altar of Ru.
   174 | D        | Found a deep blue altar of Sif Muna.
   175 | D        | Found a bloodstained altar of Trog.
   176 | D        | Found a hide-covered altar of Uskayaw.
   177 | D        | Found a radiant altar of Vehumet.
   179 | D        | Found a shimmering altar of Xom.
   180 | D        | Found a basalt altar of Yredelemnul.
   181 | D        | Found a glowing silver altar of Zin.
   182 | D        | Found a glowing golden altar of the Shining One.
   236 | D        | Noticed a necrophage
   236 | D        | Noticed an ogre
   236 | D        | Noticed an orc warrior
   236 | D        | Noticed a water moccasin
   242 | D        | Killed a water moccasin
   242 | D        | Reached skill level 5 in Fighting
   242 | D        | Reached skill level 1 in Dodging
   242 | D        | Reached XP level 3. HP: 28/37 MP: 2/2
   242 | D        | Reached XP level 4. HP: 34/44 MP: 3/3
   243 | D        | Killed an orc warrior
   243 | D        | Reached XP level 5. HP: 39/51 MP: 4/4
   249 | D        | Killed an ogre
   249 | D        | Reached XP level 6. HP: 29/60 MP: 5/5
   414 | D        | Reached skill level 10 in Axes
   414 | D        | Reached XP level 7. HP: 68/68 MP: 6/6
   427 | D        | Reached skill level 10 in Armour
   544 | D        | Noticed a spiny frog
   544 | D        | Noticed a black mamba
   554 | D        | Noticed a spiny frog
   555 | D        | Killed a black mamba
   555 | D        | Reached skill level 10 in Shields
   555 | D        | Reached XP level 8. HP: 53/78 MP: 7/7
   565 | D        | Killed a spiny frog
   581 | D        | Killed a spiny frog
   581 | D        | Reached skill level 10 in Fighting
   585 | D        | Reached skill level 15 in Axes
   585 | D        | Reached XP level 9. HP: 36/85 MP: 8/8
   861 | D        | Noticed a spiny frog
   861 | D        | Noticed a rime drake
   867 | D        | Noticed a polar bear
   869 | D        | Killed a rime drake
   869 | D        | Reached skill level 5 in Dodging
   871 | D        | Noticed a spiny frog
   873 | D        | Killed a spiny frog
  1224 | D        | Killed a polar bear
  1244 | D        | Killed a spiny frog
  1355 | D        | Noticed a spiny frog
  1355 | D        | Noticed a spiny frog
  1357 | D        | Reached skill level 1 in Stealth
  1363 | D        | Killed a spiny frog
  1370 | D        | Killed a spiny frog
  1370 | D        | Reached XP level 10. HP: 86/96 MP: 9/9
  1529 | D        | Noticed Sonja
  1534 | D        | Noticed Erica
  1550 | D        | Killed Erica
  1551 | D        | Killed Sonja
  1758 | D        | Noticed Gastronok
  1774 | D        | Killed Gastronok
  1774 | D        | Reached skill level 15 in Shields
  1776 | D        | Noticed Eustachio
  1782 | D        | Killed Eustachio
  1782 | D        | Reached XP level 11. HP: 107/107 MP: 10/10
  2528 | D        | Noticed an orc knight
  2760 | D        | Killed an orc knight
  2811 | D        | Noticed an orc high priest
  2819 | D        | Killed an orc high priest
  2844 | D        | Reached skill level 1 in Evocations
  2898 | D        | Found Worez's Distillery.
  2898 | D        | Noticed an orc high priest
  2898 | D        | Noticed an orc high priest
  2898 | D        | Noticed an orc high priest
  2901 | D        | Noticed an orc high priest
  2902 | D        | Killed an orc high priest
  2903 | D        | Found Odenyari's General Store.
  2911 | D        | Killed an orc high priest
  2914 | D        | Killed an orc high priest
  2916 | D        | Found Posujum's Antique Armour Boutique.
  2922 | D        | Killed an orc high priest
  2924 | D        | Found Lupeono's Food Shop.
  3187 | D        | Bought a pair of runed boots for 150 gold pieces
  3187 | D        | Bought an embroidered scarf for 160 gold pieces
  3242 | D        | Noticed Joseph
  3255 | D        | Killed Joseph
  3291 | D        | Noticed Urug
  3301 | D        | Killed Urug
  3301 | D        | Reached skill level 15 in Fighting
  3484 | D        | Noticed a brown ugly thing
  3484 | D        | Noticed a purple ugly thing
  3490 | D        | Noticed a centaur warrior
  3491 | D        | Noticed a brown very ugly thing
  3510 | D        | Noticed an ettin
  3513 | D        | Noticed a fire dragon
  3516 | D        | Killed a brown very ugly thing
  3520 | D        | Killed a green ugly thing
  3520 | D        | Reached XP level 12. HP: 113/122 MP: 13/13
  3521 | D        | Noticed a stone giant
  3527 | D        | Noticed a rakshasa
  3537 | D        | Killed a centaur warrior
  3544 | D        | Killed an ettin
  3555 | D        | Killed a fire dragon
  3803 | D        | Killed a stone giant
  4317 | D        | Killed a rakshasa
  4340 | D        | Noticed Kirke
  4349 | D        | Noticed a sphinx
  4352 | D        | Killed Kirke
  4352 | D        | Reached skill level 15 in Armour
  4600 | D        | Noticed Snorg
  4615 | D        | Killed Snorg
  4674 | D        | Noticed Rupert
  4688 | D        | Killed Rupert
  4688 | D        | Reached skill level 1 in Unarmed Combat
  4957 | D        | Noticed a ghost crab
  4957 | D        | Noticed a red very ugly thing
  4957 | D        | Noticed an alligator
  4958 | D        | Noticed a five-headed hydra
  4978 | D        | Killed a ghost crab
  4983 | D        | Killed a red very ugly thing
  4993 | D        | Killed a five-headed hydra
  5003 | D        | Killed an alligator
  5003 | D        | Reached XP level 13. HP: 51/134 MP: 14/14
  5845 | D        | Noticed a merfolk javelineer
  6568 | D        | Killed a merfolk javelineer
  6654 | D        | Noticed Saint Roka
  6686 | D        | Killed Saint Roka
  7146 | D        | Noticed a stone giant
  7146 | D        | Noticed a fire dragon
  7147 | D        | Noticed a tengu reaver
  7150 | D        | Noticed a tentacled monstrosity
  7166 | D        | Killed a fire dragon
  7170 | D        | Noticed a storm dragon
  7179 | D        | Killed a stone giant
  7610 | D        | Killed a tentacled monstrosity
  7610 | D        | Reached skill level 10 in Dodging
  7610 | D        | Reached XP level 14. HP: 97/148 MP: 14/16
  7853 | D        | Killed a tengu reaver
  7879 | D        | Killed a storm dragon
  8165 | D        | Noticed a stone giant
  8180 | D        | Killed a stone giant
  8347 | D        | Noticed a stone giant
  8366 | D        | Killed a stone giant
  8381 | D        | Killed from afar by an ice dragon

Skill      XL: |  1  2  3  4  5  6  7  8  9 10 11 12 13 14 |
---------------+-------------------------------------------+-----
Armour         | 4 7 8 9 10 11 12 14 16 18 19 | 19.2
Shields        | 4 6 7 8 9 10 11 13 15 17 19 22 23 | 23.0
Fighting       | 4 5 6 7 8 9 10 11 13 15 17 20 21 | 21.0
Axes           | 6 7 8 10 12 15 17 18 19 21 22 23 | 23.2
Dodging        | 1 2 3 4 6 7 8 9 10 | 10.6
Stealth        | 1 2 3 |  3.4
Evocations     | 3 4 |  4.4
Unarmed Combat | 1 |  1.6

Action                   |  1- 3 |  4- 6 |  7- 9 | 10-12 | 13-15 || total
-------------------------+-------+-------+-------+-------+-------++-------
Melee: War axe           |    44 |    16 |   103 |   322 |   268 ||   753
       Headbutt          |     5 |     5 |    16 |    60 |    78 ||   164
       Unarmed           |       |       |       |     3 |       ||     3
Evoke: Wand              |       |       |       |     7 |     3 ||    10
  Use: Potion            |       |       |     2 |     6 |     7 ||    15
 Stab: Confused          |       |       |       |       |     1 ||     1
  Eat: Chunk             |       |       |       |     7 |       ||     7
       Fruit             |       |       |       |     2 |       ||     2
       Bread ration      |       |       |       |     1 |     2 ||     3
Armor: Scale mail        |    20 |     1 |    13 |     9 |       ||    43
       Plate armour      |       |       |       |    62 |    18 ||    80
       Chain mail        |       |       |       |       |    53 ||    53
       Storm dragon scal |       |       |       |       |     4 ||     4
Dodge: Dodged            |    12 |     5 |    26 |    75 |    80 ||   198
       Deflected         |       |       |       |     2 |     9 ||    11
Block: Shield            |    18 |     5 |    43 |   131 |   151 ||   348
